[Event "OBEM 2018"]
[Site "Bremen"]
[Date "2018.03.24"]
[Round "1"]
[White "Silber, Kevin"]
[Black "Zhong, Xianghui"]
[Result "1-0"]
[ECO "B38"]
[WhiteElo "2274"]
[BlackElo "1772"]
[Annotator "NA"]
[PlyCount "75"]
[EventDate "2018.??.??"]
[EventType "swiss"]
[EventCountry "GER"]
[SourceTitle "playchess.com"]
[Source "ChessBase"]
[SourceQuality "1"]
[TimeControl "40/5400+30:1800+30"]

1. e4 c5 2. c4 g6 3. Ne2 Bg7 4. d4 cxd4 5. Nxd4 Nc6 6. Be3 Nf6 7. Nc3 O-O 8. Be2 e6 9. O-O d5 10. cxd5 exd5 11. exd5 Ne7 12. Ndb5 Nexd5 13. Nxd5 Nxd5 14. Bc5 Bxb2 15. Rb1 Nc3 16. Nxc3 Bxc3 17. Bxf8 Qxf8 18. Bf3 Rb8 19. Qa4 a6 20. Qf4 Be6 21. Rfc1 Ba5 22. Qe5 b6 23. Bd5 Bf5 24. Rc7 Re8 25. Qf6 Be6 26. Bxe6 Rxe6 27. Qf3 Qe8 28. g3 Re1+ 29. Rxe1 Qxe1+ 30. Kg2 Qe6 31. Ra7 Qxa2 32. Rxa6 Qe6 33. h4 h5 34. Qb7 Kg7 35. Ra8 Bb4 36. Qf3 Bc5 37. Qc3+ Qf6 38. Rg8+ 1-0

[Event "OBEM 2018"]
[Site "Bremen"]
[Date "2018.03.24"]
[Round "1"]
[White "Kardoeus, David"]
[Black "Goes, Carsten"]
[Result "1-0"]
[ECO "B01"]
[WhiteElo "2229"]
[BlackElo "1756"]
[Annotator "NA"]
[PlyCount "25"]
[EventDate "2018.??.??"]
[EventType "swiss"]
[EventCountry "GER"]
[SourceTitle "playchess.com"]
[Source "ChessBase"]
[SourceQuality "1"]
[TimeControl "40/5400+30:1800+30"]

1. e4 d5 2. exd5 Nf6 3. d4 Bg4 4. Be2 Bxe2 5. Qxe2 Qxd5 6. Nf3 Nc6 7. c4 Qf5 8. O-O O-O-O 9. d5 Nb4 10. a3 Qd3 11. Qd1 Qxd1 12. Rxd1 Na6 13. Ne5 1-0

[Event "OBEM 2018"]
[Site "Bremen"]
[Date "2018.03.24"]
[Round "1"]
[White "Hattenhauer, Klaus"]
[Black "Hoeffer, David"]
[Result "0-1"]
[ECO "A45"]
[WhiteElo "1758"]
[BlackElo "2264"]
[Annotator "NA"]
[PlyCount "110"]
[EventDate "2018.??.??"]
[EventType "swiss"]
[EventCountry "GER"]
[SourceTitle "playchess.com"]
[Source "ChessBase"]
[SourceQuality "1"]
[TimeControl "40/5400+30:1800+30"]

1. d4 Nf6 2. Bf4 g6 3. e3 Bg7 4. Nd2 d6 5. h3 c5 6. Bb5+ Nbd7 7. c3 O-O 8. Ngf3 a6 9. Bd3 b5 10. Rc1 Bb7 11. O-O Qb6 12. Re1 Rad8 13. Qe2 Rfe8 14. e4 e5 15. dxc5 Nxc5 16. Be3 Qc6 17. c4 b4 18. Bg5 h6 19. Bh4 Ne6 20. Bc2 Rc8 21. Qe3 Nh5 22. Nh2 f5 23. f3 f4 24. Qd3 Kh7 25. Bf2 Bf6 26. Nhf1 Bd8 27. g4 fxg3 28. Nxg3 Nhf4 29. Qf1 Ng5 30. Ne2 Nfxh3+ 31. Kh1 Nxf2+ 32. Qxf2 Rf8 33. Qg2 Rc7 34. Ng1 Rcf7 35. Nh3 Nxh3 36. Qxh3 Rf4 37. Kg2 Bc8 38. Qh2 Rh4 39. Qg3 Rh3 40. Qf2 Bb6 41. Ba4 Qc7 42. c5 Bxc5 43. Rxc5 dxc5 44. Rc1 Qe7 45. Rxc5 Rd8 46. Rxc8 Rxc8 47. Kxh3 h5 48. Qb6 Rc1 49. f4 Rh1+ 50. Kg2 Qh4 51. f5 Rh2+ 52. Kf1 Qf4+ 53. Kg1 Qg3+ 54. Kf1 Qg2+ 55. Ke1 Qe2# 0-1

[Event "OBEM 2018"]
[Site "Bremen"]
[Date "2018.03.24"]
[Round "1"]
[White "Hoffer, Hayo"]
[Black "Margraf, Daniel"]
[Result "0-1"]
[ECO "A60"]
[WhiteElo "1743"]
[BlackElo "2200"]
[Annotator "NA"]
[PlyCount "74"]
[EventDate "2018.??.??"]
[EventType "swiss"]
[EventCountry "GER"]
[SourceTitle "playchess.com"]
[Source "ChessBase"]
[SourceQuality "1"]
[TimeControl "40/5400+30:1800+30"]

1. d4 c5 2. d5 e5 3. dxe6 fxe6 4. c4 Nf6 5. Nc3 d5 6. cxd5 exd5 7. Bg5 d4 8. Ne4 Be7 9. Nxf6+ Bxf6 10. Bxf6 Qxf6 11. g3 O-O 12. Nf3 Nc6 13. Bg2 Be6 14. O-O Rae8 15. b3 Nb4 16. a3 Nd5 17. Nd2 Qe5 18. Nc4 Qc7 19. Bxd5 Bxd5 20. Rc1 Qe7 21. Re1 Qe4 22. f3 Qe6 23. Qd3 b5 24. Nd2 Qb6 25. Qc2 Rc8 26. Kf2 c4 27. bxc4 bxc4 28. Rb1 Qh6 29. Kg2 Qe3 30. a4 d3 31. exd3 Bxf3+ 32. Nxf3 Qxf3+ 33. Kg1 cxd3 34. Qg2 Qf7 35. Rbd1 Rc2 36. Rd2 Qc4 37. Ra1 Qd4+ 0-1

[Event "OBEM 2018"]
[Site "Bremen"]
[Date "2018.03.25"]
[Round "2"]
[White "Hoeffer, David"]
[Black "Kastens, Elmar"]
[Result "1/2-1/2"]
[ECO "D11"]
[WhiteElo "2264"]
[BlackElo "1930"]
[Annotator "NA"]
[PlyCount "62"]
[EventDate "2018.??.??"]
[EventType "swiss"]
[EventCountry "GER"]
[SourceTitle "playchess.com"]
[Source "ChessBase"]
[SourceQuality "1"]
[TimeControl "40/5400+30:1800+30"]

1. Nf3 Nf6 2. g3 d5 3. Bg2 c6 4. O-O Bg4 5. d4 e6 6. c4 {LiveBook: 107 Games} dxc4 {D11: Slav Defence: 3 Nf3 sidelines and 3...Nf6 4 e3 Bg4} (6... Nbd7 7. Qb3 Qb6 8. Nc3 Be7 9. Re1 O-O 10. c5 Qc7 11. Bf4 Qc8 12. Rac1 h6 13. e4 dxe4 14. Nxe4 Nxe4 15. Rxe4 Nf6 16. Ree1 Nd5 {1-0 (53) Rapport,R (2720)-Bromberger,S (2532) Reykjavik 2016}) 7. Ne5 Bh5 8. Na3 $146 ({Predecessor:} 8. Nc3 Be7 9. h3 Nfd7 10. Nxc4 O-O 11. g4 Bg6 12. e4 Nb6 13. Na5 {½-½ (26) Scekic,M (2447)-Jovanovic,S (2297) Belgrade 2003}) 8... Be7 (8... Bxa3 $5 9. bxa3 Nbd7 $14) 9. Naxc4 O-O 10. Qc2 Nbd7 11. a3 Nb6 12. b4 Nxc4 13. Qxc4 Nd5 14. Bb2 Nb6 15. Qc2 Rc8 16. Nd3 Bg6 17. e4 Nd7 18. Qb3 Bf6 19. Kh1 Qb6 20. Ne5 Bxe5 21. dxe5 Rcd8 22. f4 Nc5 23. Qc2 Nd3 $11 24. f5 Bh5 25. Bc1 Qd4 26. Bg5 Rd7 27. h3 Qxe5 28. g4 f6 29. fxe6 Qxe6 30. Bxf6 Bg6 31. Bg5 Bxe4 1/2-1/2

[Event "OBEM 2018"]
[Site "Bremen"]
[Date "2018.03.25"]
[Round "2"]
[White "Margraf, Daniel"]
[Black "Ditmas, Hugh"]
[Result "1-0"]
[ECO "B23"]
[WhiteElo "2200"]
[BlackElo "1920"]
[Annotator "NA RC"]
[PlyCount "65"]
[EventDate "2018.??.??"]
[EventType "swiss"]
[EventCountry "GER"]
[SourceTitle "playchess.com"]
[Source "ChessBase"]
[SourceQuality "1"]
[TimeControl "40/5400+30:1800+30"]

1. e4 c5 2. Nc3 Nc6 3. f4 g6 4. Nf3 Bg7 5. a3 d6 6. Bb5 {B23: Closed Sicilian: Lines without g3} Bd7 {LiveBook: 7 Games} 7. O-O e6 (7... Nf6 8. d3 O-O 9. Kh1 a6 10. Bxc6 Bxc6 11. Qe1 e6 12. Bd2 b5 13. Qh4 Nh5 {0-1 (37) Lie,K (2513)-Urkedal,F (2485) Norway 2013}) 8. d3 Nge7 9. Qe1 $146 ({Find the theoretical novelty and annotate with similar games:} 9. Bd2 O-O 10. Qc1 a6 11. Bc4 b5 12. Ba2 Nd4 13. Nxd4 cxd4 14. Ne2 Rc8 {0-1 (32) Vazoura,E (1570)-Manolaraki,Y (1991) Achaea 2012}) 9... Nd4 10. Bxd7+ Qxd7 11. Nxd4 cxd4 12. Nb1 O-O 13. c4 dxc3 14. Nxc3 d5 15. Kh1 dxe4 16. dxe4 Rfd8 17. Be3 Qd3 18. Bc5 Nc6 19. f5 Qc4 20. Bg1 exf5 21. exf5 Re8 22. Qf2 Ne5 23. Qc2 Rad8 24. Bxa7 Nc6 $11 25. Bb6 Rd3 26. f6 Bh6 27. Rae1 Re5 28. Rxe5 Nxe5 29. Re1 Be3 30. Rxe3 Rxe3 31. Bxe3 Qf1+ 32. Bg1 h5 33. Qe2 1-0

[Event "OBEM 2018"]
[Site "Bremen"]
[Date "2018.03.25"]
[Round "2"]
[White "Erofeev, Anastasia"]
[Black "Silber, Kevin"]
[Result "0-1"]
[ECO "D10"]
[WhiteElo "1936"]
[BlackElo "2274"]
[Annotator "NA"]
[PlyCount "68"]
[EventDate "2018.??.??"]
[EventType "swiss"]
[EventCountry "GER"]
[SourceTitle "playchess.com"]
[Source "ChessBase"]
[SourceQuality "1"]
[TimeControl "40/5400+30:1800+30"]

1. d4 d5 2. c4 c6 3. cxd5 cxd5 4. Bf4 Nf6 {D10: Slav Defence: 3 cxd5 (without early Nf3) and 3 Nc3} 5. e3 Nc6 6. Bd3 {LiveBook: 50 Games} (6. Nc3 Bg4 7. Qb3 Na5 8. Qa4+ Bd7 9. Bb5 e6 10. Nf3 a6 11. Bxd7+ Nxd7 12. Ne5 b5 13. Qd1 Nxe5 14. Bxe5 Nc4 15. Qe2 Nxe5 16. dxe5 Bb4 17. Rc1 {½-½ (65) Ni,H (2671)-Eljanov,P (2711) Riadh 2017}) 6... Qb6 {[#]} 7. Nc3 $1 Bd7 8. Nge2 e6 9. O-O Nh5 10. Bg5 $146 ({Predecessor:} 10. Bg3 Nb4 11. Bb1 Nxg3 12. hxg3 g6 13. a3 Nc6 14. b4 a6 15. Bd3 {1-0 (47) Galje,H (2110)-Ebels,T (2101) Hoogeveen 2006}) 10... h6 11. Bh4 g5 12. Bg3 (12. Na4 $5 Qa5 13. Nec3 $11) 12... Nxg3 13. Nxg3 h5 14. a3 Bd6 15. b4 Qd8 ({Black should play} 15... f5 $11) 16. Nge2 (16. Nxh5 $14 f5 17. h3) 16... Qf6 17. b5 Ne7 18. e4 Bc7 19. e5 Qg7 20. f4 gxf4 $14 21. Nxf4 Bb6 22. Nce2 Qxe5 23. Kh1 Bxd4 24. Nxd4 Qxd4 25. Be2 Qxd1 26. Raxd1 h4 27. Nh5 Nf5 28. Nf6+ Ke7 29. Rxf5 exf5 30. Nxd7 Kxd7 31. Rxd5+ Ke6 32. Bc4 Rac8 33. Bb3 Kf6 34. Kg1 Rhd8 0-1

[Event "OBEM 2018"]
[Site "Bremen"]
[Date "2018.03.25"]
[Round "2"]
[White "Hochhuth, Arnd"]
[Black "Kardoeus, David"]
[Result "0-1"]
[ECO "A26"]
[WhiteElo "1927"]
[BlackElo "2229"]
[Annotator "NA"]
[PlyCount "154"]
[EventDate "2018.??.??"]
[EventType "swiss"]
[EventCountry "GER"]
[SourceTitle "playchess.com"]
[Source "ChessBase"]
[SourceQuality "1"]
[TimeControl "40/5400+30:1800+30"]

1. Nf3 Nf6 2. g3 g6 3. Bg2 Bg7 4. O-O O-O 5. d3 d6 6. c4 e5 7. Nc3 Nc6 8. Rb1 a6 {LiveBook: 8 Games A26: English Opening vs King's Indian with ...Nc6 and d3} (8... a5 9. a3 Re8 10. Nd2 Be6 11. Nd5 Qd7 12. Nxf6+ Bxf6 13. Ne4 Bg7 14. Bh6 Bh3 15. Bxg7 Kxg7 16. e3 Bxg2 17. Kxg2 a4 18. Nc3 Nd8 {0-1 (65) Iturrizaga Bonelli,E (2650)-Mamedyarov,S (2804) chess.com INT 2018}) 9. b3 $146 ({Predecessor:} 9. b4 Re8 10. Bg5 h6 11. Bxf6 Bxf6 12. a4 Bg7 13. b5 Ne7 14. Ne1 a5 15. Nc2 Rb8 16. Ne3 b6 17. Ncd5 {½-½ (54) Beletsky,A (2374)-Ganerdene,S (2196) Moscow 2018}) 9... Nd4 10. Ng5 h6 11. Nge4 Nxe4 12. dxe4 f5 (12... b5 $11) 13. e3 Ne6 14. exf5 gxf5 15. b4 a5 16. b5 Nc5 17. Na4 (17. Ba3 $16) 17... e4 18. Bb2 Bxb2 $11 19. Nxc5 Qf6 20. Na4 Be5 21. Qd2 Be6 22. Rfc1 b6 23. f4 exf3 24. Bxf3 Rae8 25. Bd5 Kh7 26. Nc3 Rg8 27. Bxe6 Rxe6 28. Nd5 Qh4 29. Nf4 Bxf4 30. exf4 Re4 31. Rf1 Qf6 32. Rbc1 Rge8 33. Rfe1 Rxe1+ 34. Rxe1 Rxe1+ 35. Qxe1 Qd4+ 36. Kg2 Qxc4 37. Qe7+ Kg6 38. h4 Qxa2+ 39. Kh3 Qf7 40. Qe3 h5 41. Qc3 Qd5 42. Kh2 Qa2+ 43. Kh3 Qf7 44. Qc6 a4 45. Qa8 a3 46. Qxa3 Qd5 47. Qc1 Qc5 48. Qe1 Qd5 49. Kh2 Qe4 50. Qc1 Qe2+ 51. Kh3 Qxb5 52. Qxc7 Qd5 53. Kh2 b5 54. Qe7 b4 55. Qg5+ Kf7 56. Qxh5+ Ke7 57. Qg5+ Kd7 58. Qg7+ Kc6 59. h5 Qd2+ 60. Kh3 b3 61. Qg8 b2 62. Qa8+ Kc5 63. Qc8+ Kd4 64. Qxf5 Ke3 65. Qb5 Qe2 66. Qb6+ Kf3 67. Qb7+ Kf2 68. Qb6+ Kf3 69. Qb7+ Ke3 70. Qb6+ Ke4 71. Qb4+ Kf5 72. Qa5+ Ke6 73. Qa2+ Kf6 74. Kh4 Qh2+ 75. Kg4 Qc2 76. Qa5 Qd1+ 77. Kh4 b1=Q 0-1

[Event "OBEM 2018"]
[Site "Bremen"]
[Date "2018.03.27"]
[Round "5"]
[White "Silber, Kevin"]
[Black "Margraf, Daniel"]
[Result "0-1"]
[ECO "C68"]
[WhiteElo "2274"]
[BlackElo "2200"]
[Annotator "ChessBase"]
[PlyCount "98"]
[EventDate "2018.??.??"]
[EventType "swiss"]
[EventCountry "GER"]
[SourceTitle "playchess.com"]
[Source "ChessBase"]
[SourceQuality "1"]
[TimeControl "40/5400+30:1800+30"]

1. e4 e5 2. Nf3 Nc6 3. Bb5 a6 4. Bxc6 dxc6 5. O-O Bg4 6. h3 Bh5 7. g4 Bg6 8. Nxe5 Qh4 9. Qf3 f6 10. Nxg6 hxg6 11. Kg2 O-O-O 12. d3 Bd6 13. Nc3 Ne7 14. Rh1 g5 15. Be3 Kb8 16. Ne2 Ng6 17. Nd4 Qh7 18. Nf5 Be5 19. Rad1 Bxb2 20. d4 Rhe8 21. Rb1 Bxd4 22. Bxd4 Nf4+ 23. Kf1 g6 24. Bxf6 gxf5 25. Bxd8 Rxd8 26. exf5 Rd5 27. Kg1 Rc5 28. Qb3 Rb5 29. Kh2 Rxb3 30. Rxb3 Qe7 31. Re3 Qd6 32. Rf1 Nd5+ 33. Rg3 Qf4 34. Kg1 b5 35. Rd1 Kb7 36. c3 a5 37. Rdd3 Qc1+ 38. Kh2 Nf4 39. Rdf3 Qd2 40. a3 Qd6 41. Re3 c5 42. Kg1 c4 43. h4 gxh4 44. Rgf3 Qd1+ 45. Kh2 Ne2 46. Rxe2 Qxe2 47. Kg2 h3+ 48. Rxh3 Qxg4+ 49. Rg3 Qxf5 0-1

[Event "OBEM 2018"]
[Site "Bremen"]
[Date "2018.03.27"]
[Round "5"]
[White "Kardoeus, David"]
[Black "Boehning, Kilian"]
[Result "1/2-1/2"]
[ECO "C46"]
[WhiteElo "2229"]
[BlackElo "2109"]
[Annotator "NA"]
[PlyCount "30"]
[EventDate "2018.??.??"]
[EventType "swiss"]
[EventCountry "GER"]
[SourceTitle "playchess.com"]
[Source "ChessBase"]
[SourceQuality "1"]
[TimeControl "40/5400+30:1800+30"]

1. e4 e5 2. Nf3 Nc6 3. Nc3 Be7 4. Bb5 d6 5. d4 exd4 6. Nd5 a6 7. Bxc6+ bxc6 8. Nxe7 Nxe7 9. Qxd4 O-O 10. Bd2 c5 11. Qd3 Rb8 12. Bc3 Qe8 13. O-O-O Qa4 14. a3 Qb5 15. Qxb5 axb5 $11 1/2-1/2

[Event "OBEM 2018"]
[Site "Bremen"]
[Date "2018.03.27"]
[Round "5"]
[White "Issing, Peter"]
[Black "Schulz, Daniel"]
[Result "1-0"]
[ECO "A05"]
[WhiteElo "2196"]
[BlackElo "2051"]
[Annotator "ChessBase"]
[PlyCount "81"]
[EventDate "2018.??.??"]
[EventType "swiss"]
[EventCountry "GER"]
[SourceTitle "playchess.com"]
[Source "ChessBase"]
[SourceQuality "1"]
[TimeControl "40/5400+30:1800+30"]

1. Nf3 Nf6 2. c4 b6 3. g3 Bb7 4. Bg2 e6 5. O-O Be7 6. b3 O-O 7. Bb2 c5 8. Nc3 Nc6 9. d4 cxd4 10. Nxd4 a6 11. Rc1 Qc7 12. Nd5 Qd8 13. Nxe7+ Qxe7 14. Qd2 Rfd8 15. Rfd1 Rac8 16. Qe3 d5 17. Nxc6 Rxc6 18. cxd5 Rxc1 19. Rxc1 Nxd5 20. Qd4 f6 21. Rd1 Rc8 22. e4 e5 23. Qd2 Nb4 24. a3 Nc6 25. Qe3 Qc7 26. Bh3 Rd8 27. Be6+ Kh8 28. Rc1 Rd6 29. Bd5 Qd8 30. a4 Na5 31. Ba3 Rd7 32. b4 Bxd5 33. bxa5 Bb7 34. axb6 Rd3 35. Qc5 Rd1+ 36. Kg2 Bxe4+ 37. f3 Rd2+ 38. Kh3 Bf5+ 39. g4 Bxg4+ 40. Kxg4 f5+ 41. Kh3 1-0

[Event "OBEM 2018"]
[Site "Bremen"]
[Date "2018.03.27"]
[Round "5"]
[White "Mueller, Wolfgang"]
[Black "Steffens, Oliver"]
[Result "1-0"]
[ECO "B33"]
[WhiteElo "2023"]
[BlackElo "1880"]
[Annotator "NA"]
[PlyCount "77"]
[EventDate "2018.??.??"]
[EventType "swiss"]
[EventCountry "GER"]
[SourceTitle "playchess.com"]
[Source "ChessBase"]
[SourceQuality "1"]
[TimeControl "40/5400+30:1800+30"]

1. e4 c5 2. Nf3 Nc6 3. d4 cxd4 4. Nxd4 Nf6 5. Nc3 e5 6. Ndb5 d6 7. Bg5 a6 8. Na3 b5 9. Bxf6 gxf6 10. Nd5 Bg7 11. c3 f5 12. exf5 Bxf5 13. Nc2 O-O 14. Nce3 Be6 15. Bd3 f5 16. Qh5 e4 17. Bc2 Ne7 18. Rd1 Ng6 19. g3 Ne5 20. Nf4 Bf7 21. Bb3 Bxb3 22. axb3 Qd7 23. Rd5 Nf3+ 24. Ke2 Be5 25. Rhd1 Rf6 26. Rxe5 Nxe5 27. Nfd5 Raf8 28. Nxf6+ Rxf6 29. Qg5+ Kf7 30. Nd5 Rg6 31. Qh5 Kf8 32. Ra1 Nd3 33. Rxa6 Kg7 34. Ne3 Kf6 35. Nxf5 Rg5 36. Rxd6+ Qxd6 37. Qxg5+ Kxg5 38. Nxd6 Nc1+ 39. Ke3 1-0

[Event "OBEM 2018"]
[Site "Bremen"]
[Date "2018.03.28"]
[Round "6.2"]
[White "Schulz, Daniel"]
[Black "Mueller, Wolfgang"]
[Result "0-1"]
[ECO "E09"]
[WhiteElo "2052"]
[BlackElo "2023"]
[Annotator "NA RC"]
[PlyCount "66"]
[EventDate "2018.??.??"]
[EventType "swiss"]
[EventCountry "GER"]
[SourceTitle "playchess.com"]
[Source "ChessBase"]
[SourceQuality "1"]
[TimeControl "40/5400+30:1800+30"]

1. d4 e6 2. c4 d5 3. Nf3 Nf6 4. g3 Be7 5. Bg2 O-O 6. O-O Nbd7 7. Qc2 c6 8. Nbd2 b6 9. e4 dxe4 10. Nxe4 Nxe4 11. Qxe4 Bb7 12. Rd1 Nf6 13. Qc2 Rc8 14. Rb1 h6 15. c5 Nd5 16. Bd2 Bf6 17. a4 Qe7 18. b4 Rfd8 19. Rdc1 g5 20. h3 Qc7 21. Qe4 Bg7 22. Qe2 Ne7 23. b5 cxb5 24. c6 Bxc6 25. Nxg5 hxg5 26. axb5 Bxd4 27. Qg4 Bxf2+ 28. Kh2 Qxg3+ 29. Qxg3 Bxg3+ 30. Kxg3 Nf5+ 31. Kg4 Bxg2 32. Bxg5 Rd4+ 33. Kh5 Bf3# 0-1

[Event "OBEM 2018"]
[Site "Bremen"]
[Date "2018.03.29"]
[Round "7.1"]
[White "Mueller, Wolfgang"]
[Black "Margraf, Daniel"]
[Result "0-1"]
[ECO "B28"]
[WhiteElo "2023"]
[BlackElo "2200"]
[Annotator "NA"]
[PlyCount "82"]
[EventDate "2018.??.??"]
[EventType "swiss"]
[EventCountry "GER"]
[SourceTitle "playchess.com"]
[Source "ChessBase"]
[SourceQuality "1"]
[TimeControl "40/5400+30:1800+30"]

1. e4 c5 2. Nf3 a6 3. d4 cxd4 4. Nxd4 e5 5. Nb3 Nf6 6. Qd3 Nc6 7. c3 d5 8. exd5 Nxd5 9. g3 Be6 10. Bg2 a5 11. Na3 a4 12. Nd2 Be7 13. O-O O-O 14. Ndc4 Bc5 15. Bxd5 Qxd5 16. Qxd5 Bxd5 17. Be3 Bxe3 18. Nxe3 Bf3 19. Rfe1 Rfd8 20. Nec4 f6 21. Nb6 Ra6 22. Nac4 Na5 23. Nxa5 Rxa5 24. b4 axb3 25. axb3 Rb5 26. Na4 Rxb3 27. Rab1 Rxb1 28. Rxb1 Rc8 29. Rc1 b5 30. Nb2 Rd8 31. c4 Rd2 32. Rb1 Be4 33. Re1 Bg6 34. Nd1 bxc4 35. Ne3 c3 36. Rc1 c2 37. g4 Be4 38. Re1 g6 39. h4 Kf7 40. Ra1 Bf3 41. Re1 Bd1 0-1

[Event "OBEM 2018"]
[Site "Bremen"]
[Date "2018.03.29"]
[Round "7.2"]
[White "Issing, Peter"]
[Black "Boehning, Kilian"]
[Result "1-0"]
[ECO "A82"]
[WhiteElo "2196"]
[BlackElo "2109"]
[Annotator "NA RC"]
[PlyCount "108"]
[EventDate "2018.??.??"]
[EventType "swiss"]
[EventCountry "GER"]
[SourceTitle "playchess.com"]
[Source "ChessBase"]
[SourceQuality "1"]
[TimeControl "40/5400+30:1800+30"]

1. d4 f5 2. e4 fxe4 3. Nc3 g6 4. Nxe4 Bg7 5. Nf3 Nf6 {[%emt 0:00:26] A82: Dutch Defence: Staunton Gambit} (5... d5 6. Nc5 b6 7. Nd3 Nf6 8. Be2 c5 9. dxc5 bxc5 10. c4 O-O 11. O-O Na6 12. cxd5 Qxd5 13. Nde5 e6 14. Qa4 Nc7 15. Be3 Ne4 16. Nc6 {1-0 (16) Atalik,S (2545)-Ugrcic,Z (2030) Belgrade 2017}) 6. Ng3 d5 7. Bd3 Nc6 $146 ({Find the theoretical novelty and annotate with similar games:} 7... O-O 8. Bg5 Bg4 9. Be2 Ne4 10. Be3 Nxg3 11. hxg3 Nd7 12. Ng5 Bxe2 13. Qxe2 {1-0 (28) Saftenberger,W (1746)-Guensch,H (1767) Moembris 2003}) 8. h3 Qd6 9. O-O Bd7 10. c3 O-O-O 11. b4 e5 12. b5 e4 13. bxc6 Bxc6 14. Ne5 exd3 15. Nf7 Qd7 16. Nxd8 Kxd8 17. Re1 Bb5 18. Bf4 Rf8 19. Qd2 Kc8 20. Bg5 Ng8 21. Nf1 Qf5 22. Nh2 h6 23. Be3 Nf6 24. f3 Ne8 25. Bxh6 Bxh6 26. Qxh6 Nd6 27. Nf1 Qf6 28. Re6 Qxe6 29. Qxf8+ Kd7 30. a4 Bxa4 31. Rxa4 d2 32. Nxd2 Qe3+ 33. Kh2 Qxd2 34. Qg7+ Kc6 35. Qf6 Qxc3 36. Rxa7 Qd3 37. Ra5 b6 38. Ra7 Qf5 39. Qe5 Qf7 40. Ra8 Nc4 41. Qe8+ Qxe8 42. Rxe8 b5 43. Re6+ Nd6 44. Rxg6 b4 45. Re6 Kb5 46. h4 b3 47. Re1 c5 48. dxc5 Kxc5 49. h5 d4 50. h6 d3 51. h7 Nf7 52. Re7 Nh8 53. Re8 Ng6 54. Rg8 Kd5 1-0

[Event "OBEM 2018"]
[Site "Bremen"]
[Date "2018.03.29"]
[Round "7.4"]
[White "Kardoeus, David"]
[Black "Bart, Semjon"]
[Result "1-0"]
[ECO "C45"]
[WhiteElo "2229"]
[BlackElo "2062"]
[Annotator "NA RC"]
[PlyCount "99"]
[EventDate "2018.??.??"]
[EventType "swiss"]
[EventCountry "GER"]
[SourceTitle "playchess.com"]
[Source "ChessBase"]
[SourceQuality "1"]
[TimeControl "40/5400+30:1800+30"]

1. e4 e5 2. Nf3 Nc6 3. d4 exd4 4. Nxd4 Nf6 5. Nxc6 bxc6 6. e5 Ne4 7. Nd2 Nc5 {[%emt 0:15:05] C45: Scotch Game} (7... Nxd2 8. Bxd2 d5 9. Bd3 Qh4 10. O-O Bc5 11. c4 O-O 12. Rc1 Bd4 13. Bc3 Bxc3 14. Rxc3 Be6 15. f4 {1-0 (55) Vallejo Pons,F (2679)-Kortschnoj,V (2568) Vera 2004}) 8. Be2 d6 9. exd6 cxd6 10. O-O Be7 11. Nb3 Ne6 12. Bf3 Bd7 13. Nd4 Nxd4 14. Qxd4 O-O 15. Bf4 {[%emt 0:00:27] [#]} d5 $146 16. Rfe1 Bf6 17. Be5 Bxe5 18. Qxe5 Be6 19. c4 dxc4 20. Bxc6 Rb8 21. Bf3 Qb6 22. Re2 Rfd8 23. h3 Qb5 24. Qe3 a5 25. Rc1 Rd3 26. Qf4 Rbd8 27. Bg4 R3d4 28. Qe5 Qxe5 29. Rxe5 Bxg4 30. hxg4 Rxg4 31. Rxa5 g6 32. Rc2 Rd1+ 33. Kh2 h5 34. f3 Rh4+ 35. Kg3 Rhd4 36. Rc5 Rf1 37. R5xc4 h4+ 38. Kh2 Rdd1 (38... Rxc4 {was worth a try.} 39. Rxc4 Rb1) 39. Rxh4 Ra1 40. a3 Kg7 41. Kg3 g5 42. Rb4 Ra2 43. Kg4 Kg6 44. Rb6+ f6 45. Rcc6 Rf2 46. Rxf6+ Kg7 47. g3 Raxb2 48. Rg6+ Kf7 49. Rxb2 Rxb2 50. Rxg5 $18 1-0

[Event "OBEM 2018"]
[Site "Bremen"]
[Date "2018.03.30"]
[Round "8"]
[White "Margraf, Daniel"]
[Black "Kardoeus, David"]
[Result "1/2-1/2"]
[ECO "C42"]
[WhiteElo "2200"]
[BlackElo "2229"]
[Annotator "NA RC"]
[PlyCount "77"]
[EventDate "2018.??.??"]
[EventType "swiss"]
[EventCountry "GER"]
[SourceTitle "playchess.com"]
[Source "ChessBase"]
[SourceQuality "1"]
[TimeControl "40/5400+30:1800+30"]

1. e4 e5 2. Nf3 Nf6 3. Nxe5 d6 4. Nf3 Nxe4 5. Nc3 Nxc3 6. dxc3 Nc6 7. Bd3 Be7 8. Bf4 {[%emt 0:05:07] C42: Petroff Defence: 3 Nxe5 and unusual White 3rd moves} Be6 {[%emt 0:09:30] LiveBook: 7 Games} 9. Nd4 (9. Qe2 Qd7 10. O-O-O Bf5 11. Bb5 Qe6 12. Rhe1 Qxe2 13. Rxe2 Kf8 14. Rde1 Bf6 {½-½ (48) Jaracz,P (2565)-Fridman,D (2661) Aix les Bains 2011}) 9... Nxd4 10. cxd4 g5 $146 ({Find the theoretical novelty and annotate with similar games:} 10... Bg5 11. Qf3 c6 12. O-O Qf6 13. Bxg5 Qxg5 14. Rfe1 O-O-O {½-½ (30) Kostal,J (2384)-Nejtek,J (2370) ICCF 2005}) 11. Bd2 Qd7 12. Qe2 O-O-O 13. Bb5 c6 14. Bd3 Bf6 15. Be3 Rde8 16. O-O Bd8 17. Qd2 Bd5 {[%emt 0:06:22] [#]} ({Black should try} 17... Rhg8 $11) 18. f3 $1 f6 19. c4 Bf7 20. f4 h6 21. Rae1 d5 {[%emt 0:01:58] [#]} 22. c5 $1 Bc7 23. Qc2 Kb8 24. b4 gxf4 25. Bf5 Be6 26. Bxf4 Bxf4 27. Rxf4 Bxf5 28. Rxe8+ Rxe8 29. Rxf5 Re1+ 30. Rf1 Qe6 31. Qf2 Rxf1+ 32. Kxf1 $11 f5 33. Qg3+ Kc8 34. Qg7 Qe4 35. Qf8+ Kc7 36. Qd6+ Kc8 37. Qf8+ Kc7 38. Qg7+ Kc8 39. Qf8+ 1/2-1/2

[Event "OBEM 2018"]
[Site "Bremen"]
[Date "2018.03.30"]
[Round "8"]
[White "Mueller, Wolfgang"]
[Black "Issing, Peter"]
[Result "1-0"]
[ECO "B47"]
[WhiteElo "2023"]
[BlackElo "2196"]
[Annotator "NA RC"]
[PlyCount "71"]
[EventDate "2018.??.??"]
[EventType "swiss"]
[EventCountry "GER"]
[SourceTitle "playchess.com"]
[Source "ChessBase"]
[SourceQuality "1"]
[TimeControl "40/5400+30:1800+30"]

1. e4 c5 2. Nf3 Nc6 3. d4 cxd4 4. Nxd4 e6 5. Nc3 Qc7 6. Be2 a6 7. O-O Nf6 8. Bg5 Bb4 {[%emt 0:05:10] B47: Sicilian: Taimanov: 5 Nc3 Qc7 6 f4, 6 g3 and 6 Be2} 9. Nxc6 bxc6 10. Qd4 Bd6 {[%emt 0:03:59] LiveBook: 3 Games} 11. g3 $146 ({Predecessor:} 11. f4 $16 e5 12. Qd2 exf4 13. Bxf4 Bxf4 14. Rxf4 d6 15. Rd1 Ke7 16. Rf3 {0-1 (82) Pogonina,N (2445)-Hou,Y (2671) Monaco 2015}) 11... Be5 12. Qd2 O-O 13. Bf3 Rb8 14. Na4 d5 15. exd5 (15. Rad1 $11 {keeps the balance.}) 15... cxd5 16. Be3 (16. Rfe1 $17 {is a better defense.}) 16... Bd7 17. Nc5 Rxb2 18. Rab1 (18. Rfb1 $17) 18... Bb5 $2 (18... Rxa2 $19 19. Be2 Ne4 20. Nxe4 dxe4) 19. Rxb2 Bxb2 20. c4 d4 (20... Bxc4 $11 {keeps the balance.} 21. Qxb2 Bxf1 22. Kxf1 Rb8) 21. Qxb2 dxe3 22. cxb5 Qxc5 23. bxa6 (23. b6 $142) 23... Nd5 $1 24. fxe3 Qxe3+ 25. Qf2 Qa3 26. a7 Ra8 27. Bxd5 exd5 28. Qxf7+ Kh8 29. Re1 $18 Qc5+ 30. Kg2 Qc6 31. Re6 Qc2+ 32. Kh3 Qc8 33. Kh4 Qg8 34. Re7 d4 35. Qxg8+ Kxg8 36. Rb7 1-0